cohdb
Replays
Latest Replays
All Replays
Popular Replays
Top Player Replays
Match Explorer
How It Works
Community
CoH3 Stats
Reddit
Sign in to upload your games and track your stats! →
Sign in with Steam
Match 41643018
Unlisted
Match 41643018
Overview
Messages
Build Orders
End
Construct Barracks
Riflemen Squad
Riflemen Squad
Riflemen Squad
Construct Weapon Support Center
Engineer Squad
Infantry Support Center
Selects Ammunition Storage
Selects Convert to Ranger Squad
Construct Medical Station
M3 Armored Personnel Carrier
Engineer Squad
Grenade Package
Improved M9 Bazooka Rockets
Selects Frontline Medical Station
M1919 Machine Gun Team
M1918 Browning Automatic Rifles
Demolitions Package
Construct Motor Pool
Ranger Squad
Riflemen Squad
M1 Anti-tank Gun Team
Selects Infantry Assault
Advanced Logistics
Munitions Surplus
Selects Special Operations Battlegroup
Selects Advanced Infantry Battlegroup
CPU - Expert
CPU - Expert
CPU - Expert
Seven
TidaL
ironwedge
0
0
Comments
sign in to comment!
No comments posted yet!